 Dungeon Crawl Stone Soup version 0.24.0-125-gc4c63601f3 (webtiles) character file.

Game seed: 6172903538462995445, levelgen mode: deterministic

9809 Johnny the Thaumaturge (level 11, -2/73 HPs)
             Began as a Deep Elf Earth Elementalist on Feb 18, 2020.
             Was a Believer of Dithmenos.
             Slain by a manticore (6 damage)
             ... on level 10 of the Dungeon.
             The game lasted 00:17:04 (12743 turns).

Johnny the Thaumaturge (DEEE)                      Turns: 12743, Time: 00:17:05

Health: -2/73      AC:  8    Str:  5    XL:     11   Next: 27%
Magic:  18/28      EV: 12    Int: 24    God:    Dithmenos [**....]
Gold:   552        SH:  0    Dex: 15    Spells: 20/33 levels left

rFire    + . .     SeeInvis +   z - +2 dagger (venom)
rCold    . . .     Gourm    .   (no shield)
rNeg     . . .     Faith    .   v - +1 leather armour of Vynwag {rF+ Regen+}
rPois    .         Spirit   .   k - +0 helmet
rElec    .         Reflect  .   B - scarf {cloud immunity}
rCorr    .         Harm     +   (no gloves)
MR       +....                  A - +2 pair of boots
Stlth    ++........             w - amulet of harm
HPRegen  0.62/turn              p - ring of flight
MPRegen  0.21/turn              r - ring of see invisible

@: wreathed by umbra
A: no striking features
a: Shadow Step, Renounce Religion, Evoke Flight


You were on level 10 of the Dungeon.
You worshipped Dithmenos.
Dithmenos was pleased with you.
You were hungry.

You visited 2 branches of the dungeon, and saw 11 of its levels.
You also visited: Ossuary and Bailey.

You collected 552 gold pieces.

Inventory:

Hand Weapons
 z - a +2 dagger of venom (weapon)
 C - a +5 trident of freezing
Missiles
 b - 112 stones (quivered)
Armour
 k - a +0 helmet (worn)
 v - the +1 leather armour of Vynwag (worn) {rF+ Regen+}
   (You found it on level 5 of the Dungeon)

   It protects you from fire.
   It increases your rate of regeneration.
 y - the +3 leather armour of Cocytus {rC+ Int+3 Stlth+}
   (You found it on level 5 of the Dungeon)

   It affects your intelligence (+3).
   It protects you from cold.
   It makes you more stealthy.
 A - a +2 pair of boots (worn)
 B - a scarf of cloud immunity (worn)
Jewellery
 p - a ring of flight (left hand)
 r - a ring of see invisible (right hand)
 w - an amulet of harm (around neck)
 D - an uncursed amulet of the acrobat {unknown}
 J - an uncursed ring of protection from magic {unknown}
 K - an uncursed amulet of guardian spirit {unknown}
Wands
 H - a wand of flame (12)
Scrolls
 g - a scroll of fear
 h - 2 scrolls of enchant armour
 i - 2 scrolls of blinking
 o - 10 scrolls of remove curse
 q - 2 scrolls of immolation
 t - 2 scrolls of noise
 x - 5 scrolls of teleportation
Potions
 a - a potion of flight
 c - a potion of cancellation
 e - 2 potions of invisibility
 f - 2 potions of brilliance
 j - 11 potions of curing
 l - 2 potions of haste {unknown}
 m - 2 potions of mutation {unknown}
 n - 2 potions of agility {unknown}
 s - 4 potions of heal wounds {unknown}
 u - a potion of lignification
 E - 2 potions of might
 F - a potion of berserk rage
 G - a potion of magic {unknown}
Comestibles
 d - 14 rations
 I - 5 chunks of flesh


   Skills:
 * Level 10.5 Fighting
 - Level 2.4 Dodging
 - Level 2.4 Stealth
 + Level 11.7 Spellcasting
 - Level 1.1 Transmutations
 + Level 10.3 Earth Magic


You had 20 spell levels left.
You knew the following spells:

 Your Spells              Type           Power        Failure   Level  Hunger
a - Sandblast             Erth           ######       1%          1    None
b - Stone Arrow           Conj/Erth      #####.       2%          3    None
c - Lee's Rapid Deconstr  Erth           ######....   3%          5    ###....
d - Petrify               Tmut/Erth      #####...     7%          4    None

Your spell library contained the following spells:

 Spells                   Type           Power        Failure   Level  Hunger
 Passwall                 Tmut/Erth      #####...     1%          2    None
 Magic Dart               Conj           ##..         8%          1    None
 Summon Small Mammal      Summ           ##..         8%          1    None
 Blink                    Tloc           N/A          11%         2    None
 Call Imp                 Summ           ##......     11%         2    None
 Slow                     Hex            ##......     11%         2    None
 Call Canine Familiar     Summ           ##......     22%         3    None
 Conjure Flame            Conj/Fire      ##......     22%         3    None
 Mephitic Cloud           Conj/Pois/Air  ##......     22%         3    None
 Summon Guardian Golem    Hex/Summ       ##......     22%         3    None
 Summon Ice Beast         Ice/Summ       ##......     58%         4    None
 Summon Lightning Spire   Summ/Air       ##......     58%         4    None


Dungeon Overview and Level Annotations

Branches:
Dungeon (10/15)            Temple (1/1) D:6            Lair (0/6) D:10
Ossuary (visited)          Bailey (visited)
    Orc: D:9-12

Altars:
Ashenzari
Cheibriados
Dithmenos
Elyvilon
Fedhas
Gozag
Hepliaklqana
Kikubaaqudgha
Makhleb
Nemelex Xobeh
Okawaru
Qazlal
Ru
Sif Muna
Trog
Uskayaw
Vehumet
Wu Jian
Xom
Yredelemnul
Zin
The Shining One


Message History

You kill the worker ant!
Dithmenos accepts your kill.
You hear a shout!
The manticore bites you! The manticore claws you!
The manticore claws you but does no damage.
Unknown command.
Casting: Lee's Rapid Deconstruction (safe; 3% risk of failure)
Confirm with . or Enter, or press ? or * to list all spells.
Aiming: Lee's Rapid Deconstruction (safe; 3% risk of failure)
Press: ? - help, Dir - move target cursor A rock wall.
This square is wreathed by an umbra.
The wall shatters!
The blast of rock fragments hits the manticore!
The manticore is severely wounded.
You are feeling hungry.
The manticore bites you!!
* * * LOW HITPOINT WARNING * * *
The manticore claws you.
You die...

.......รท.<# ###.##.#
..........# # #...##.#
........(.# #.#.####.#
..........# #.#.#.####.#
............#.#........#
.........####.###.######
.........+ ... #.#
........># #..###<#
.........# #..#.@.#
.........# #..#H######
########## #...........
#.###.###### .. .# ## .#
.# .# .#


You could see a manticore.

Vanquished Creatures
  Gastronok (D:8)
  An unseen horror (D:10)
  An orc knight (Bailey)
  Psyche (D:8)
  Prince Ribbit (D:8)
  A hornet (D:10)
  6 yaks (D:10)
  A water moccasin (D:7)
  11 orc warriors
  A phantom (D:5)
  4 sky beasts
  2 black bears
  An ice beast (D:9)
  2 ogres
  4 centaurs
  6 big kobolds
  6 bullfrogs
  3 gnoll sergeants (D:9)
  2 scorpions
  4 killer bees (D:8)
  3 wights (D:8)
  7 crimson imps
  A quasit (D:7)
  8 hounds
  A human zombie (Ossuary)
  A centaur zombie (Ossuary)
  2 jellies
  4 orc priests
  2 bullfrog zombies
  2 gnoll shamans
  A centaur skeleton (D:5)
  4 iguanas
  7 orc wizards
  6 worker ants
  A big kobold zombie (Ossuary)
  A hound zombie (D:10)
  A hound skeleton (D:5)
  6 mummies (Ossuary)
  A worker ant zombie (D:6)
  24 gnolls
  11 adders
  A shadow imp (D:5)
  4 oozes
  An adder zombie (D:8)
  2 adder skeletons
  3 worms
  2 dart slugs
  4 leopard geckos
  36 orcs
  3 ball pythons
  8 giant cockroaches
  A gnoll zombie (Ossuary)
  11 goblins
  9 hobgoblins
  6 jackals
  32 kobolds
  8 quokkas
  7 bats
  A frilled lizard (D:4)
  2 goblin zombies
  2 hobgoblin zombies (Ossuary)
  A jackal zombie (D:7)
  A leopard gecko zombie (D:7)
  An orc zombie (Ossuary)
  A quokka zombie (D:4)
  8 rats
308 creatures vanquished.

Notes
Turn   | Place    | Note
-------+----------+-------------------------------------------
     0 | D:1      | Johnny the Deep Elf Earth Elementalist began the quest for
                  | the Orb.
     0 | D:1      | Reached XP level 1. HP: 10/10 MP: 6/6
    74 | D:1      | Reached skill level 1 in Fighting
    74 | D:1      | Reached XP level 2. HP: 16/16 MP: 5/8
   397 | D:1      | Reached XP level 3. HP: 20/20 MP: 7/10
   602 | D:2      | Reached skill level 4 in Spellcasting
   602 | D:2      | Reached XP level 4. HP: 26/26 MP: 9/12
   659 | D:2      | Learned a level 3 spell: Stone Arrow
  1014 | D:2      | Reached XP level 5. HP: 22/31 MP: 3/13
  1364 | D:2      | Found a burning altar of Makhleb.
  1734 | D:3      | Reached XP level 6. HP: 31/37 MP: 7/15
  1738 | D:3      | Reached skill level 5 in Spellcasting
  2421 | D:4      | Found a sand-covered staircase.
  2461 | Ossuary  | Entered an ossuary
  2866 | Ossuary  | Reached skill level 5 in Earth Magic
  3680 | D:4      | Reached XP level 7. HP: 31/43 MP: 9/17
  4285 | D:4      | Reached skill level 6 in Spellcasting
  4625 | D:5      | Entered Level 5 of the Dungeon
  4840 | D:5      | Reached skill level 5 in Fighting
  4992 | D:5      | Got a fine leather armour
  5003 | D:5      | Identified the +3 leather armour of Cocytus {rC+ Int+3
                  | Stlth+} (You found it on level 5 of the Dungeon)
  5260 | D:5      | Reached XP level 8. HP: 49/49 MP: 7/20
  5365 | D:5      | Got a transparent leather armour
  5453 | D:5      | Reached skill level 7 in Spellcasting
  5488 | D:5      | Learned a level 5 spell: Lee's Rapid Deconstruction
  5493 | D:5      | Learned a level 4 spell: Petrify
  6086 | D:6      | Found a staircase to the Ecumenical Temple.
  6128 | Temple   | Entered the Ecumenical Temple
  6293 | D:6      | Identified the +1 leather armour of Vynwag {rF+ Regen+}
                  | (You found it on level 5 of the Dungeon)
  6455 | D:6      | Reached skill level 8 in Spellcasting
  7081 | D:6      | Reached XP level 9. HP: 56/56 MP: 19/23
  7314 | D:7      | Found a radiant altar of Vehumet.
  7332 | D:7      | Found a flagged portal.
  7346 | Bailey   | Entered a bailey
  7736 | Bailey   | Reached skill level 9 in Spellcasting
  8455 | Bailey   | Noticed an orc knight
  8754 | Bailey   | Killed an orc knight
  9048 | D:7      | Reached XP level 10. HP: 62/65 MP: 9/25
  9521 | D:7      | Found a shadowy altar of Dithmenos.
  9523 | D:7      | Found a basalt altar of Yredelemnul.
  9526 | D:7      | Found a stormy altar of Qazlal.
  9528 | D:7      | Found a bloodstained altar of Trog.
  9528 | D:7      | Found an ornate altar of the Wu Jian Council.
  9528 | D:7      | Found a hazy altar of Hepliaklqana.
  9528 | D:7      | Found a blossoming altar of Fedhas.
  9531 | D:7      | Became a worshipper of Dithmenos the Shadowed
  9533 | D:7      | Found an ancient bone altar of Kikubaaqudgha.
  9534 | D:7      | Found a sacrificial altar of Ru.
  9536 | D:7      | Found a shimmering altar of Xom.
  9539 | D:7      | Found a glowing silver altar of Zin.
  9650 | D:7      | Reached skill level 10 in Spellcasting
  9805 | D:8      | Identified a scroll of acquirement
 10060 | D:8      | Got a faintly glowing trident
 10061 | D:8      | Identified the cursed +1 trident of Jiosae {antimagic,
                  | Int+4} (You found it on level 8 of the Dungeon)
 10161 | D:8      | Noticed Gastronok
 10189 | D:8      | Killed Gastronok
 10684 | D:8      | Noticed Psyche
 10689 | D:8      | Noticed Prince Ribbit
 10692 | D:8      | Killed Psyche
 10692 | D:8      | Reached skill level 11 in Spellcasting
 10698 | D:8      | Killed Prince Ribbit
 10822 | D:8      | Reached * piety under Dithmenos
 11130 | D:8      | Reached skill level 10 in Fighting
 11673 | D:9      | Reached XP level 11. HP: 72/72 MP: 22/28
 12071 | D:10     | Entered Level 10 of the Dungeon
 12071 | D:10     | Found a staircase to the Lair.
 12246 | D:10     | Reached ** piety under Dithmenos
 12367 | D:10     | Reached skill level 10 in Earth Magic
 12433 | D:10     | Noticed an unseen horror
 12437 | D:10     | Killed an unseen horror
 12611 | D:10     | Paralysed by a hornet for 3 turns
 12743 | D:10     | Slain by a manticore

Levels and vault maps discovered:
D:1:      minmay_arrival_three_doors, layout_basic, st_stairs_5,
          chequers_serial_rivers_room_a, fountainhead,
          chequers_serial_rivers_small_b, minmay_heptomino_l4
D:2:      wander_river, layout_loops_ring, nicolae_overflow_hidden_temple
D:3:      layout_loops_cross, first_ration
D:4:      layout_cave_pods, enter_ossuary_4, minmay_goblin_kobold_house
D:5:      layout_loops_corners
D:6:      layout_cave_pods, minmay_temple_entry_enclosed_plants,
          minmay_misc_feat_columns, minmay_unpleasant_kobolds
D:7:      layout_loops_corners, minitemple, enter_bailey_2
D:8:      layout_basic, uniq_prince_ribbit1, uniq_gastronok, uniq_psyche
D:9:      layout_big_octagon
D:10:     layout_basic, lair_entry_dummy, grunt_pizzeria
Temple:   nicolae_temple_figure_zero

Skill      XL: |  1  2  3  4  5  6  7  8  9 10 11 |
---------------+----------------------------------+-----
Fighting       | 1 2 3 4 5 6 8 10 | 10.5
Spellcasting   | 4 5 6 8 9 11 | 11.7
Earth Magic    | 4 5 6 7 8 9 10 | 10.3
Dodging        | |  2.4
Stealth        | |  2.4
Transmutations | |  1.1

Action                   |  1- 3 |  4- 6 |  7- 9 | 10-12 || total
-------------------------+-------+-------+-------+-------++-------
Melee: Unarmed           |     6 |    66 |    31 |       ||   103
       Dagger            |       |       |   103 |   129 ||   232
 Cast: Sandblast         |    31 |    66 |    67 |    45 ||   209
       Stone Arrow       |       |    47 |    82 |    37 ||   166
       Lee's Rapid Decon |       |       |    28 |    15 ||    43
       Petrify           |       |       |    10 |     3 ||    13
  Use: Potion            |       |     3 |     2 |       ||     5
       Scroll            |       |     5 |    10 |     5 ||    20
 Stab: Sleeping          |     1 |     3 |     2 |     2 ||     8
       Distracted        |       |     1 |       |     2 ||     3
       Petrified         |       |       |     4 |     4 ||     8
  Eat: Chunk             |       |     7 |    20 |    13 ||    40
       Ration            |       |     1 |     1 |       ||     2
Armor: Robe              |     3 |    23 |     3 |       ||    29
       Skin              |       |    76 |       |       ||    76
       Leather armour    |       |       |    77 |    57 ||   134
Dodge: Dodged            |    11 |    75 |   118 |   109 ||   313
